 Dungeon Crawl Stone Soup version 0.29-a0-666-g26d293caef (webtiles) character file.

Game seed: 5665484827963467719

27987 Conn the Thaumaturge (level 13, -12/114 HPs)
             Began as an Octopode Fire Elementalist on June 23, 2022.
             Was a Priest of Sif Muna.
             Mangled by an elephant (16 damage)
             ... on level 3 of the Lair of Beasts.
             The game lasted 01:05:14 (16882 turns).

Conn the Thaumaturge (Octopode Fire Elementalist)  Turns: 16882, Time: 01:05:15

Health: -12/114    AC:  2    Str:  8    XL:     13   Next: 35%
Magic:  25/47      EV: 14    Int: 22    God:    Sif Muna [***...]
Gold:   426        SH:  5    Dex: 12    Spells: 24/37 levels left

rFire   + . .      SeeInvis .   b - staff of conjuration
rCold   . . .      Faith    .   (no shield)
rNeg    . . .      Spirit   .   d - +1 hat of Makhleb's Reproof {rPois Slay+2 Stlth+}
rPois   +          Reflect  +   C - amulet of reflection
rElec   .          Harm     .   g - ring of magical power
rCorr   .          Rampage  .   D - ring of wizardry
Will    .....                   f - ring of magical power
Stlth   ..........              H - ring of protection from fire
HPRegen 0.29/turn               (no ring)
MPRegen 0.30/turn               (no ring)
                                (no ring)
                                (no ring)

@: berserking, very quick
A: almost no armour, amphibious, 8 rings, camouflage 1, gelatinous body 1,
(nimble swimmer 1), tentacles
a: Renounce Religion, Channel Magic, Forget Spell


You were on level 3 of the Lair of Beasts.
You worshipped Sif Muna.
Sif Muna was most pleased with you.
You visited 3 branches of the dungeon, and saw 14 of its levels.

You collected 690 gold pieces.
You spent 264 gold pieces at shops.

Inventory:

Hand Weapons
 a - the +1 dagger of Kisis {vorpal, rPois Will+ Stlth+}
   (You found it on level 4 of the Dungeon)

   It inflicts extra damage upon your enemies.
   rPois:     It protects you from poison.
   Will:      It increases your willpower.
   Stlth:     It makes you more stealthy.
 k - the +4 spear of the Spider Nest {vorpal, +Blink rF- Will- Str+3 Int+9}
   (You found it on level 8 of the Dungeon)

   It inflicts extra damage upon your enemies.
   Str:       It affects your strength (+3).
   Int:       It affects your intelligence (+9).
   rF:        It makes you vulnerable to fire.
   +Blink:    It lets you blink.
   Will:      It decreases your willpower.
 E - the +10 shortbow of Denk {freeze, rElec}
   (You bought it in a shop on level 7 of the Dungeon)

   Any ammunition fired from it freezes those it strikes, dealing additional
   cold damage.
   It can also slow down cold-blooded creatures.
   rElec:     It insulates you from electricity.
Missiles
 o - 7 datura-tipped darts
 q - a curare-tipped dart
 t - 10 throwing nets
Armour
 d - the +1 hat of Makhleb's Reproof (worn) {rPois Slay+2 Stlth+}
   (You acquired it on level 4 of the Dungeon)

   Slay:      It affects your accuracy & damage with ranged weapons and melee
   (+2).
   rPois:     It protects you from poison.
   Stlth:     It makes you more stealthy.
Magical Staves
 b - a staff of conjuration (weapon)
Jewellery
 f - a ring of magical power (on tentacle)
 g - a ring of magical power (left tentacle)
 C - an amulet of reflection (around mantle)
 D - a ring of wizardry (right tentacle)
 H - a ring of protection from fire (on tentacle)
Wands
 y - a wand of mindburst (33)
 A - a wand of polymorph (8)
 F - a wand of digging (8)
Scrolls
 e - 3 scrolls of enchant armour
 j - 3 scrolls of poison
 l - 2 scrolls of immolation
 n - 2 scrolls of teleportation
 s - 4 scrolls of amnesia
 v - a scroll of identify
 w - 2 scrolls of torment
 K - a scroll of enchant weapon
Potions
 c - a potion of magic
 h - a potion of flight
 i - a potion of berserk rage
 m - a potion of heal wounds
 p - a potion of degeneration {unknown}
 r - 2 potions of attraction
 u - a potion of mutation
 x - a potion of brilliance
 z - 2 potions of haste
 B - a potion of might
 I - 4 potions of curing


   Skills:
 + Level 2.7 Fighting
 + Level 1.4 Staves
 + Level 4.2 Dodging
 + Level 5.0 Stealth
 + Level 0.7 Shields
 + Level 12.9 Spellcasting
 * Level 9.2 Conjurations
 + Level 2.9 Hexes
 + Level 11.8 Fire Magic
 * Level 8.0 Invocations
 + Level 0.3 Evocations


You had 24 spell levels left.
You knew the following spells:

 Your Spells              Type           Power      Damage    Failure   Level
a - Foxfire               Conj/Fire      100%       2x1d9     1%          1
b - Conjure Flame         Conj/Fire      74%        6-21      1%          3
c - Inner Flame           Hex/Fire       46%        N/A       1%          3
d - Flame Wave            Conj/Fire      74%        2d13      1%          4
e - Scorch                Fire           100%       2d10      1%          2

Your spell library contained the following spells:

 Spells                   Type           Power      Damage    Failure   Level
 Ensorcelled Hibernation  Hex/Ice        40%        N/A       1%          2
 Spider Form              Tmut/Pois      14%        N/A       6%          3
 Anguish                  Hex/Necr       10%        N/A       10%         4
 Alistair's Intoxication  Tmut/Pois      9%         N/A       43%         5
 Borgnjor's Vile Clutch   Necr/Erth      7%         N/A       43%         5
 Eringya's Noxious Bog    Tmut/Pois      7%         N/A       93%         6


Dungeon Overview and Level Annotations

Branches:
Dungeon (10/15)            Temple (1/1) D:7            Lair (3/6) D:9
  Swamp (0/4) Lair:3        Snake (0/4) Lair:3
    Orc: D:9-12

Altars:
Ashenzari
Cheibriados
Dithmenos
Elyvilon
Fedhas
Gozag
Hepliaklqana
Kikubaaqudgha
Makhleb
Nemelex Xobeh
Okawaru
Qazlal
Ru
Sif Muna
Trog
Uskayaw
Vehumet
Wu Jian
Yredelemnul
Zin
The Shining One
Beogh

Shops:
D:4 [   D:7 *[


Innate Abilities, Weirdness & Mutations

You cannot wear most types of armour.
You are amphibious.
You can wear up to eight rings at the same time.
Your skin changes colour to match your surroundings (Stealth+).
Your rubbery body absorbs attacks. (AC +1, EV +1)
((You are camouflaged when in or above water. (Stealth+)))
You have tentacles for arms and can constrict up to eight enemies at once.


Message History

The elephant is heavily wounded.
The elephant closely misses you. The elephant trunk-slaps you.
* * * LOW HITPOINT WARNING * * *
You hit the elephant.
The elephant is severely wounded.
The elephant closely misses you. The elephant trunk-slaps you.
* * * LOW HITPOINT WARNING * * *
An elephant comes into view.
You hit the elephant! You squeeze the elephant.
The elephant is severely wounded.
You hear a trumpeting!
The elephant barely misses you. The elephant closely misses you.
An elephant comes into view.
The elephant is engulfed in blazing flames.
You are too berserk!
You are too berserk!
You are too berserk!
Hit: b) staff of conjuration
Press: ? - help, Dir - move target, f - elephant
Aim: an elephant (flame, lightly wounded, about 10% to evade your staff of conjuration)
Okay, then.
You hit the elephant!
You blast the elephant.
You squeeze the elephant.
You kill the elephant!
Sif Muna accepts your kill.
The elephant is engulfed in blazing flames.
The elephant closely misses you. The elephant trunk-slaps you.
* * * LOW HITPOINT WARNING * * *
You are too berserk!
You hit the elephant.
The elephant is heavily wounded.
You hit the elephant! You squeeze the elephant!
The elephant is severely wounded.
The elephant tramples you.
* * * LOW HITPOINT WARNING * * *
You hold your ground!
The elephant completely misses you.
The elephant is engulfed in blazing flames.
The elephant completely misses you. You block the elephant's attack.
The elephant is engulfed in blazing flames.
The elephant tramples you!
You die...

...... ...........♣§♣♣§..
...............≈♣≈§§§§♣..
..............≈≈♣≈§§§§≈♣.
...... ........≈≈§§§§§≈≈♣
..##. P......§§§§≈≈§≈♣♣
..P# ##....#§§§§≈≈♣≈.
..## #P....#§§§≈≈≈≈♣ ...#
#..)..§§YY§...# ..##
#.....##@Y....# ..#
##.....###....# ..#
#....## ....# ..# #....#
....# ..# ##....## .....#
..## #......# ...## ..P#
##....## ..# ...#
#P.....# ...# #.....##


You could see 3 elephants.

Vanquished Creatures
  Harold (Lair:1)
  2 hydras
  A boulder beetle (Lair:2)
  A death knight (D:8)
  Erica (D:8)
  A two-headed ogre (D:8)
  The ghost of Slyspawn the Arsonist, a journeyman DsFE of Vehumet (Lair:2)
  Maurice (D:8)
  Joseph (D:8)
  11 elephants
  3 cane toads
  Maggie (Lair:1)
  A kobold demonologist (D:9)
  An unseen horror (D:10)
  A rime drake (Lair:3)
  6 komodo dragons
  Grinder (D:6)
  A troll (D:9)
  A polar bear (Lair:2)
  A hornet (D:5)
  18 blink frogs
  Prince Ribbit (D:7)
  16 yaks
  2 vampires (D:10)
  A wraith (D:10)
  A wyvern (D:9)
  4 basilisks
  A steam dragon (D:8)
  4 vampire mosquitoes (D:10)
  12 water moccasins
  2 acid dragons (D:10)
  A naga (Lair:3)
  Pargi (D:4)
  2 black bears
  An ice beast (D:7)
  2 orc warriors
  3 sky beasts
  6 wolves
  2 ogres
  2 centaurs
  4 kobold brigands
  2 necrophages
  3 gnoll sergeants
  18 bullfrogs
  8 wights
  2 scorpions
  An electric eel (Lair:3)
  4 howler monkeys
  2 jellies
  5 orc priests
  2 hounds
  4 gnoll shamans
  2 iguanas
  14 orc wizards
  Robin (D:4)
  26 gnolls
  10 adders
  An ufetubus (D:6)
  2 worms (D:2)
  3 dart slugs
  43 orcs
  8 endoplasms
  A giant cockroach (D:2)
  11 goblins
  12 hobgoblins
  5 jackals (D:3)
  31 kobolds
  7 quokkas
  6 ball pythons
  4 bats
  5 frilled lizards
  2 rats
369 creatures vanquished.

Vanquished Creatures (collateral kills)
  6 foxfires
6 creatures vanquished.

Vanquished Creatures (others)
  A howler monkey (D:8)
  1057 foxfires
  27 fungi
  31 plants
1116 creatures vanquished.

Grand Total: 1491 creatures vanquished

Notes
Turn   | Place    | Note
-------+----------+-------------------------------------------
     0 | D:1      | Conn the Octopode Fire Elementalist began the quest for the
                  | Orb.
     0 | D:1      | Reached XP level 1. HP: 11/11 MP: 3/3
   345 | D:1      | Reached XP level 2. HP: 15/17 MP: 5/5
   973 | D:1      | Learned a level 2 spell: Scorch
  1003 | D:2      | Reached XP level 3. HP: 14/21 MP: 1/6
  2236 | D:3      | Found a faded altar of an unknown god.
  2350 | D:3      | Reached XP level 4. HP: 27/27 MP: 7/7
  2939 | D:3      | Reached skill level 3 in Spellcasting
  2939 | D:3      | Reached XP level 5. HP: 30/31 MP: 9/9
  3324 | D:4      | Noticed Pargi
  3324 | D:4      | Found Usiesuasku's Armour Shoppe.
  3329 | D:4      | Noticed Robin
  3331 | D:4      | Identified a scroll of acquirement
  3331 | D:4      | Acquired the +1 hat of Makhleb's Reproof {rPois Slay+2
                  | Stlth+}
  3333 | D:4      | Killed Pargi
  3334 | D:4      | Reached XP level 6. HP: 36/36 MP: 9/11
  3623 | D:4      | Killed Robin
  3689 | D:4      | Identified the +1 dagger of Kisis {vorpal, rPois Will+
                  | Stlth+}
  3711 | D:4      | Reached skill level 4 in Spellcasting
  4181 | D:5      | Entered Level 5 of the Dungeon
  4199 | D:5      | Reached XP level 7. HP: 41/41 MP: 13/14
  4227 | D:5      | Reached skill level 5 in Spellcasting
  4551 | D:5      | Reached skill level 5 in Fire Magic
  4989 | D:5      | Reached XP level 8. HP: 46/46 MP: 11/16
  5157 | D:5      | Noticed a hornet
  5176 | D:4      | Learned a level 3 spell: Conjure Flame
  5180 | D:4      | Learned a level 3 spell: Inner Flame
  5185 | D:4      | Learned a level 4 spell: Flame Wave
  5347 | D:5      | Reached skill level 6 in Spellcasting
  5525 | D:5      | Killed a hornet
  5754 | D:6      | Reached skill level 7 in Spellcasting
  5986 | D:6      | Reached XP level 9. HP: 51/51 MP: 20/20
  6209 | D:6      | Reached skill level 1 in Staves
  6237 | D:6      | Reached skill level 1 in Fighting
  6872 | D:6      | Reached skill level 8 in Spellcasting
  7032 | D:6      | Noticed Grinder
  7032 | D:6      | Paralysed by Grinder for 3 turns
  7040 | D:6      | Killed Grinder
  7401 | D:7      | Found Vuellufo's Assorted Antiques.
  7416 | D:7      | Reached skill level 5 in Conjurations
  7421 | D:7      | Reached skill level 9 in Spellcasting
  7429 | D:7      | Found Dykhugo's Armour Shoppe.
  7441 | D:7      | Reached XP level 10. HP: 18/59 MP: 2/23
  7884 | D:7      | Bought a potion of lignification for 72 gold pieces
  7959 | D:7      | Found a staircase to the Ecumenical Temple.
  8008 | D:7      | Found a shadowy altar of Dithmenos.
  8527 | D:8      | Noticed Prince Ribbit
  8542 | D:7      | Killed Prince Ribbit
  8619 | D:7      | Bought an ancient shortbow for 192 gold pieces
  8619 | D:7      | Identified the +10 shortbow of Denk {freeze, rElec} (You
                  | bought it in a shop on level 7 of the Dungeon)
  8653 | Temple   | Entered the Ecumenical Temple
  8692 | Temple   | Became a worshipper of Sif Muna the Loreminder
  8884 | D:8      | Reached skill level 10 in Spellcasting
  8889 | D:8      | Reached skill level 1 in Invocations
  8890 | D:8      | Noticed a two-headed ogre
  8893 | D:8      | Noticed a death knight
  8901 | D:8      | Killed a two-headed ogre
  8913 | D:8      | Killed a death knight
  9152 | D:8      | Identified the +4 spear of the Spider Nest {vorpal, +Blink
                  | rF- Will- Str+3 Int+9}
  9269 | D:8      | Noticed Maurice
  9303 | D:8      | Noticed Erica
  9306 | D:8      | Noticed Joseph
  9308 | D:8      | Killed Erica
  9309 | D:8      | Reached XP level 11. HP: 63/64 MP: 25/25
  9674 | D:9      | Reached skill level 1 in Hexes
  9918 | D:9      | Reached * piety under Sif Muna
 10069 | D:9      | Found a staircase to the Lair.
 10509 | D:8      | Killed Joseph
 11182 | D:8      | Killed Maurice
 11696 | D:10     | Entered Level 10 of the Dungeon
 11844 | D:10     | Reached skill level 11 in Spellcasting
 12437 | D:10     | Reached ** piety under Sif Muna
 12442 | D:10     | Reached skill level 10 in Fire Magic
 12632 | D:10     | Found a burning altar of Makhleb.
 12830 | D:10     | Reached skill level 5 in Invocations
 13084 | D:10     | Found a blossoming altar of Fedhas.
 13245 | Lair:1   | Entered Level 1 of the Lair of Beasts
 13354 | Lair:1   | Reached XP level 12. HP: 67/70 MP: 27/27
 13529 | Lair:1   | Noticed Harold
 13591 | Lair:1   | Killed Harold
 13931 | Lair:1   | Noticed Maggie
 13942 | Lair:1   | Killed Maggie
 14488 | Lair:1   | Noticed an eight-headed hydra
 14499 | Lair:1   | Killed an eight-headed hydra
 14500 | Lair:1   | Reached skill level 5 in Stealth
 14810 | Lair:2   | Found a transporter.
 14831 | Lair:2   | Reached skill level 12 in Spellcasting
 15291 | Lair:2   | Noticed a seven-headed hydra
 15298 | Lair:2   | Noticed Slyspawn's ghost (journeyman DsFE)
 15304 | Lair:2   | Noticed a boulder beetle
 15309 | Lair:2   | Found a transporter.
 15337 | Lair:2   | Killed a boulder beetle
 15337 | Lair:2   | Killed a seven-headed hydra
 15342 | Lair:2   | Killed Slyspawn's ghost
 15518 | Lair:3   | Reached XP level 13. HP: 52/75 MP: 16/29
 15535 | Lair:3   | Reached *** piety under Sif Muna
 16462 | Lair:3   | Found a staircase to the Snake Pit.
 16848 | Lair:3   | Found a staircase to the Swamp.
 16880 | Lair:3   | HP: 4/114 [elephant (4)]
 16882 | Lair:3   | Mangled by an elephant

Illustrated notes

Levels and vault maps discovered:
D:1:      lordsloth_arrival_two_stooges, layout_basic, amcnicky_mini_pool_small
D:2:      layout_rooms, kennysheep_flooded_box, chequers_serial_rivers_micro_e,
          minmay_cut_off
D:3:      layout_loops_ring, hellmonk_ecumenical_altar_defaced_shrine
D:4:      layout_rooms, serial_shops, nicolae_stop_n_shop_1, uniq_pargi,
          uniq_robin
D:5:      layout_basic, lexackson_kobold_supper
D:6:      layout_loops_ring, uniq_grinder
D:7:      layout_cave_pools, nicolae_dithmenos_shadow_blocks,
          minmay_temple_entry_steel_oval, serial_shops, shop,
          nicolae_shop_hallway_stairs, kennysheep_generic_room_9
D:8:      hangedman_cross_stitches, layout_cave_pods, uniq_joseph, uniq_maurice,
          uniq_erica, uniq_prince_ribbit1
D:9:      layout_gridville, due_lair_maze_entry_diamond, grunt_ministairs_7
D:10:     layout_gridville, nicolae_overflow_hidden_temple, enter_bailey_5
Temple:   compressed_dpeg_circular_temple
Lair:1:   layout_roguey, uniq_harold, uniq_maggie
Lair:2:   layout_regular_city, gammafunk_ghost_arena
Lair:3:   layout_long_grid, swamp_mist_pool, guppyfry_snake_entry_garden,
          grunt_megastairs_1

Skill      XL: |  1  2  3  4  5  6  7  8  9 10 11 12 13 |
---------------+----------------------------------------+-----
Stealth        | 3 4 5 |  5.0
Conjurations   | 2 3 4 5 6 8 9 |  9.2
Spellcasting   | 3 4 5 7 9 10 11 12 | 12.9
Fire Magic     | 4 5 6 7 8 10 11 | 11.8
Staves         | 1 |  1.4
Fighting       | 1 2 |  2.7
Invocations    | 3 5 7 8 |  8.0
Dodging        | 3 4 |  4.2
Hexes          | 2 |  2.9
Shields        | |  0.7
Evocations     | |  0.3

Action                   |  1- 3 |  4- 6 |  7- 9 | 10-12 | 13-15 || total
-------------------------+-------+-------+-------+-------+-------++-------
Melee: Tentacles         |     6 |     2 |     8 |     6 |     3 ||    25
       Dagger            |     2 |       |       |       |       ||     2
       Constrict         |     6 |     4 |    11 |     4 |       ||    25
       Staff             |    13 |    17 |    27 |    25 |    11 ||    93
       Punch             |       |       |     1 |       |       ||     1
 Cast: Foxfire           |    73 |    79 |   155 |   274 |    31 ||   612
       Scorch            |       |    25 |    62 |   132 |    30 ||   249
       Conjure Flame     |       |       |     5 |     7 |     1 ||    13
       Flame Wave        |       |       |     4 |    22 |    12 ||    38
       Inner Flame       |       |       |       |    42 |     4 ||    46
Invok: Channel Magic     |       |       |       |       |     1 ||     1
Evoke: Wand              |       |       |       |     6 |       ||     6
  Use: Potion            |       |     2 |     4 |     6 |     2 ||    14
       Scroll            |       |     1 |     8 |    13 |       ||    22
 Stab: Sleeping          |     4 |     1 |     3 |       |       ||     8
Armor: Skin              |     3 |    49 |     4 |    21 |    14 ||    91
Dodge: Dodged            |    15 |    27 |    50 |    70 |    23 ||   185
Block: Other             |       |       |       |    11 |     9 ||    20

Table legend: (Time is in decaauts)
 A = Elapsed time spent in this place.
 B = Non-inter-level travel time spent in this place.
 C = Inter-level travel time spent in this place.
 D = Time resting spent in this place.
 E = Time spent auto-exploring this place.
 F = Levels seen in this place.
 G = Mean time per level.
                   A        B        C        D        E       F      G
               +--------+--------+--------+--------+--------+-----+--------+
         Total |  16904 |  16557 |    347 |    552 |  12624 |  14 | 1207.4 |
       Dungeon |  13194 |  12879 |    315 |    552 |   9586 |  10 | 1319.4 |
        Temple |     73 |     73 |      0 |      0 |     17 |   1 |   73.0 |
          Lair |   3635 |   3604 |     31 |      0 |   3021 |   3 | 1211.7 |
               +--------+--------+--------+--------+--------+-----+--------+

Top non-repeatable levels by time:
     D:6: 1689 daAuts
     D:8: 1655 daAuts
    D:10: 1519 daAuts
  Lair:1: 1513 daAuts
     D:3: 1485 daAuts
     D:5: 1402 daAuts
  Lair:3: 1387 daAuts
     D:9: 1340 daAuts
     D:7: 1284 daAuts
     D:1: 1113 daAuts
     D:2: 997 daAuts
  Lair:2: 734 daAuts
     D:4: 705 daAuts
  Temple: 73 daAuts
